 Dungeon Sprint DCSS version 0.29-a0-925-g0a7a3d12f8 (webtiles) character file.

Game seed: 9206477687698550805

1274 rocky1 the Impaler (level 8, -5/68 HPs)
             Began as a Merfolk Gladiator on July 28, 2022.
             Was a Priest of Okawaru.
             Slain by Erolcha
             ... wielding a +0 giant club
              (20 damage)
             ... in the Dungeon (Sprint VII: "The Pits").
             The game lasted 00:06:22 (1268 turns).

rocky1 the Impaler (Merfolk Gladiator)              Turns: 1268, Time: 00:06:23

Health: -5/68      AC: 17    Str: 17    XL:     8   Next: 53%
Magic:  9/9        EV: 14    Int: 10    God:    Okawaru [***...]
Gold:   0          SH:  0    Dex: 15    Spells: 7/7 levels left

rFire   . . .      SeeInvis .   a - +2 halberd (protect)
rCold   . . .      Faith    .   (shield currently unavailable)
rNeg    . . .      Spirit   .   v - +4 chain mail
rPois   .          Reflect  .   c - +0 helmet
rElec   .          Harm     .   q - +0 cloak
rCorr   .          Rampage  .   (no gloves)
Will    .....      NoTele   +   u - +0 pair of boots
Stlth   ..........              (no amulet)
HPRegen 0.21/turn               r - +3 ring of evasion
MPRegen 0.11/turn               b - +3 ring of intelligence

@: lethally poisoned (-5 -> -56), slowed, very slow
A: (nimble swimmer 2), mertail
a: Renounce Religion, Heroism


You were in the Dungeon.
You worshipped Okawaru.
Okawaru was most pleased with you.
You visited 1 branch

Inventory:

Hand Weapons
 a - a +2 halberd of protection (weapon)
 o - a +2 scimitar of flaming
Missiles
 d - 3 throwing nets (quivered)
 e - a javelin
Armour
 c - a +0 helmet (worn)
 q - a +0 cloak (worn)
 u - a +0 pair of boots (worn)
 v - a +4 chain mail (worn)
Jewellery
 b - a +3 ring of intelligence (right hand)
 r - a +3 ring of evasion (left hand)
Wands
 n - a wand of quicksilver (9)
Scrolls
 m - 5 scrolls of amnesia
Potions
 f - 4 potions of curing
 g - 12 potions of heal wounds
 h - a potion of haste
 i - 4 potions of magic
 j - a potion of berserk rage
 l - 2 potions of invisibility
 s - a potion of might
 t - 2 potions of resistance


   Skills:
 + Level 8.1 Fighting
 - Level 17.0 Polearms
 - Level 2.0 Throwing
 + Level 5.3 Armour
 + Level 10.4 Dodging
 + Level 3.7 Stealth
 + Level 1.7 Invocations


You had 7 spell levels left.
You didn't know any spells.
Your spell library was empty.

Dungeon Overview and Level Annotations

Branches:
Dungeon (1/1)

Altars:
Ashenzari
Cheibriados
Dithmenos
Elyvilon
Fedhas
Gozag
Hepliaklqana
Kikubaaqudgha
Makhleb
Nemelex Xobeh
Okawaru
Qazlal
Ru
Sif Muna
Trog
Uskayaw
Vehumet
Wu Jian
Xom
Yredelemnul
Zin
The Shining One
Jiyva
Lugonu

Annotations:
D Erolcha, Sonja


Innate Abilities, Weirdness & Mutations

((You are very nimble when in or above water. (Stealth+, EV+, Speed+++)))
Your lower body shifts to a powerful aquatic tail in water.


Message History

Sonja blinks!
You puncture Sonja!
Your weapon exudes an aura of protection.
Sonja is moderately wounded.
You feel very sick. Sonja barely misses you. Sonja hits you but does no damage.
You are more poisoned.
Sonja hits you but does no damage.
You are lethally poisoned!
Sonja misses you. Sonja closely misses you.
Sonja hits you with a +2 short sword of venom.
You are more poisoned.
You feel better. Sonja barely misses you. Sonja hits you but does no damage.
You are poisoned.
Sonja barely misses you. Sonja hits you but does no damage.
You are more poisoned.
Sonja hits you but does no damage.
You are more poisoned.
Sonja barely misses you.
You miss Sonja.
Sonja is moderately wounded.
You feel extremely sick.
Sonja hits you with a +2 short sword of venom.
You are lethally poisoned!
Sonja hits you but does no damage.
Sonja hits you with a +2 short sword of venom.
You are more poisoned.
Something hits you!!
* * * LOW HITPOINT WARNING * * *
You feel much better.
* * * LOW HITPOINT WARNING * * *
You feel extremely sick. Sonja misses you. Sonja closely misses you.
Sonja hits you but does no damage.
You are more poisoned.
Sonja barely misses you. Sonja hits you but does no damage.
You are more poisoned.
Sonja hits you with a +2 short sword of venom.
* * * LOW HITPOINT WARNING * * *
Something hits you!!
You die...

######### _______.#
_______.#
_____...###########++######
#######'##................#
(.')))'.##......#..#......#
#######.##......K.........+
.........'......@.........+
####)#####......#{.#......#
...#)#..##................#
..รท#.#))#####'#####''######
...'.#).##.......##''#
#'####))##.......##..##
.....#.[##.......##...##
.....#'###...<...###...#
........##.......#
##.........


You could see Sonja.

Vanquished Creatures
  A demonic crawler (D)
  A komodo dragon (D)
  A fire bat (D)
  Menkaure (D)
  A centaur (D)
  2 kobold brigands (D)
  A gnoll sergeant (D)
  2 scorpions (D)
  Crazy Yiuf (D)
  Jessica (D)
  A hell rat (D)
  An adder (D)
  6 gnolls (D)
  A white imp (D)
  A worm (D)
  An orc (D)
  2 bats (D)
  3 bat skeletons (D)
  2 hobgoblins (D)
30 creatures vanquished.

Notes
Turn   | Place    | Note
-------+----------+-------------------------------------------
     0 | D        | rocky1 the Merfolk Gladiator began the quest for the Orb.
     0 | D        | Reached XP level 1. HP: 16/16 MP: 1/1
    22 | D        | Found a bloodstained altar of Trog.
    22 | D        | Found a shimmering blue altar of Sif Muna.
    22 | D        | Found a viscous altar of Jiyva.
    22 | D        | Found a hazy altar of Hepliaklqana.
    22 | D        | Found an opulent altar of Gozag.
    23 | D        | Found a glowing golden altar of the Shining One.
    23 | D        | Found a glowing silver altar of Zin.
    23 | D        | Found a basalt altar of Yredelemnul.
    23 | D        | Found a shimmering altar of Xom.
    23 | D        | Found an ornate altar of the Wu Jian Council.
    23 | D        | Found a sacrificial altar of Ru.
    23 | D        | Found a stormy altar of Qazlal.
    23 | D        | Found an iron altar of Okawaru.
    23 | D        | Found a sparkling altar of Nemelex Xobeh.
    23 | D        | Found a burning altar of Makhleb.
    23 | D        | Found a blossoming altar of Fedhas.
    23 | D        | Found a white marble altar of Elyvilon.
    23 | D        | Found a shadowy altar of Dithmenos.
    23 | D        | Found a snail-covered altar of Cheibriados.
    26 | D        | Found a corrupted altar of Lugonu.
    26 | D        | Found a radiant altar of Vehumet.
    27 | D        | Found an ancient bone altar of Kikubaaqudgha.
    27 | D        | Found a hide-covered altar of Uskayaw.
    27 | D        | Found a broken altar of Ashenzari.
    31 | D        | Became a worshipper of Warmaster Okawaru
    75 | D        | Reached skill level 5 in Polearms
    89 | D        | Reached skill level 6 in Polearms
    89 | D        | Reached skill level 5 in Dodging
    89 | D        | Reached XP level 2. HP: 8/23 MP: 2/2
   409 | D        | Noticed a scorpion
   419 | D        | Reached skill level 1 in Stealth
   419 | D        | Reached XP level 3. HP: 29/29 MP: 3/3
   424 | D        | Killed a scorpion
   424 | D        | Reached * piety under Okawaru
   425 | D        | Reached skill level 8 in Polearms
   425 | D        | Reached skill level 1 in Armour
   425 | D        | Reached XP level 4. HP: 28/37 MP: 4/4
   505 | D        | Noticed a centaur
   505 | D        | Noticed a kobold brigand
   505 | D        | Noticed a kobold brigand
   522 | D        | Noticed a gnoll sergeant
   531 | D        | Killed a kobold brigand
   532 | D        | Reached skill level 10 in Polearms
   532 | D        | Reached XP level 5. HP: 28/43 MP: 2/5
   535 | D        | Killed a centaur
   536 | D        | Reached skill level 5 in Fighting
   536 | D        | Reached skill level 11 in Polearms
   536 | D        | Reached XP level 6. HP: 15/51 MP: 3/6
   540 | D        | Reached ** piety under Okawaru
   541 | D        | Reached skill level 12 in Polearms
   561 | D        | Reached skill level 13 in Polearms
   689 | D        | Reached skill level 10 in Dodging
   689 | D        | Reached XP level 7. HP: 54/58 MP: 7/7
   701 | D        | Noticed Jessica
   705 | D        | Killed Jessica
   809 | D        | Noticed a komodo dragon
   820 | D        | Killed a komodo dragon
   821 | D        | Reached skill level 15 in Polearms
   821 | D        | Reached skill level 1 in Invocations
   823 | D        | Noticed Crazy Yiuf
   823 | D        | Noticed Menkaure
   823 | D        | Noticed a fire bat
   836 | D        | Killed a fire bat
   836 | D        | Reached *** piety under Okawaru
   837 | D        | Killed Crazy Yiuf
   838 | D        | Reached XP level 8. HP: 27/67 MP: 6/8
   842 | D        | Killed Menkaure
   843 | D        | Reached skill level 16 in Polearms
  1099 | D        | Noticed a demonic crawler
  1112 | D        | Killed a demonic crawler
  1113 | D        | Reached skill level 5 in Armour
  1117 | D        | Reached skill level 17 in Polearms
  1251 | D        | Noticed Erolcha
  1251 | D        | Noticed Sonja
  1268 | D        | Slain by Erolcha

Illustrated notes

Levels and vault maps discovered:
D:        pitsprint [storerooms_1, entrance_room_1, metal_vault_5, armoury_1,
          mini_pit_1, grid_room_1, main_hall_1, silver_pit, the_coven_3,
          the_vestibule_1, steel_vault_1, golden_pit, hallway_of_sentries,
          crystal_vault_1, iron_vault_4, final_vault]

Skill      XL: |  1  2  3  4  5  6  7  8 |
---------------+-------------------------+-----
Polearms       | 6 8 10 11 13 15 17 | 17.0
Dodging        | 5 7 8 10 | 10.4
Fighting       | 3 4 5 6 7 8 |  8.1
Stealth        | 1 2 3 |  3.7
Armour         | 1 2 3 4 5 |  5.3
Invocations    | 1 |  1.7
Throwing       | |  2.0

Action                   |  1- 3 |  4- 6 |  7- 9 || total
-------------------------+-------+-------+-------++-------
Melee: Trident           |    37 |    48 |    41 ||   126
       Punch             |       |       |     1 ||     1
       Halberd           |       |       |     9 ||     9
Invok: Heroism           |       |     1 |     3 ||     4
  Use: Potion            |       |     1 |     8 ||     9
       Scroll            |       |       |     1 ||     1
 Stab: Sleeping          |     1 |       |       ||     1
Armor: Leather armour    |    14 |       |       ||    14
       Chain mail        |       |     9 |    42 ||    51
Dodge: Dodged            |    26 |    14 |    39 ||    79

Table legend: (Time is in decaauts)
 A = Elapsed time spent in this place.
 B = Non-inter-level travel time spent in this place.
 C = Inter-level travel time spent in this place.
 D = Time resting spent in this place.
 E = Time spent auto-exploring this place.
 F = Levels seen in this place.
 G = Mean time per level.
                   A        B        C        D        E       F      G
               +--------+--------+--------+--------+--------+-----+--------+
         Total |   1261 |   1196 |     65 |    761 |      0 |   1 | 1261.0 |
       Dungeon |   1261 |   1196 |     65 |    761 |      0 |   1 | 1261.0 |
               +--------+--------+--------+--------+--------+-----+--------+

Top non-repeatable levels by time:
       D: 1261 daAuts
